 Dungeon Crawl Stone Soup version 0.26.0-18-gc5c842f807 (webtiles) character file.

Game seed: 14461980943500540069

195 BOMJPIETVODKU the Caller (level 5, -1/29 HPs)
             Began as a Tengu Summoner on Jan 23, 2021.
             Killed from afar by Natasha (9 damage)
             ... with a puff of flame
             ... on level 3 of the Dungeon.
             The game lasted 00:16:49 (4200 turns).

BOMJPIETVODKU the Caller (Tengu Summoner)           Turns: 4200, Time: 00:16:49

Health: -1/29      AC:  2    Str:  9    XL:     5   Next: 74%
Magic:  1/11       EV: 13    Int: 16    God:
Gold:   79         SH:  0    Dex: 14    Spells: 7/11 levels left

rFire    . . .     SeeInvis .   i - +0 short sword
rCold    . . .     Faith    .   (no shield)
rNeg     . . .     Spirit   .   a - +0 robe
rPois    .         Reflect  .   (helmet restricted)
rElec    .         Harm     .   (no cloak)
rCorr    .         Rampage  .   (no gloves)
Will     .....                  (boots unavailable)
Stlth    ++........             c - amulet of regeneration
HPRegen  0.49/turn              (no ring)
MPRegen  0.12/turn              (no ring)

@: no status effects
A: beak, talons 3, able to fly
a: Fly


You were on level 3 of the Dungeon.
You visited 1 branch of the dungeon, and saw 3 of its levels.

You collected 79 gold pieces.

Inventory:

Hand Weapons
 i - a +0 short sword (weapon)
 m - a +0 hunting sling
Armour
 a - a +0 robe (worn)
 b - a +0 helmet
Jewellery
 c - an amulet of regeneration (around neck)
Wands
 g - a wand of iceblast (7)
Scrolls
 e - a scroll of noise {unknown}
 h - 5 scrolls of identify {unknown}
 k - 2 scrolls of teleportation {unknown}
 l - 2 scrolls of remove curse {unknown}
 o - a scroll of fog {unknown}
Potions
 d - a potion of cancellation {unknown}
 f - 2 potions of attraction
 j - a potion of resistance {unknown}
 n - 2 potions of mutation {unknown}
 p - a potion of haste {unknown}
 q - a potion of heal wounds


   Skills:
 * Level 1.4 Fighting
 - Level 2.4 Dodging
 - Level 2.0 Stealth
 - Level 1.3 Unarmed Combat
 * Level 3.5 Spellcasting
 * Level 6.3 Summonings
 * Level 0.6 Air Magic


You had 7 spell levels left.
You knew the following spells:

 Your Spells              Type           Power        Failure   Level
a - Summon Small Mammal   Summ           92%          1%          1
b - Call Canine Familiar  Summ           23%          4%          3

Your spell library contained the following spells:

 Spells                   Type           Power        Failure   Level
 Call Imp                 Summ           23%          1%          2
 Summon Guardian Golem    Hex/Summ       12%          14%         3
 Summon Lightning Spire   Summ/Air       14%          38%         4
 Summon Ice Beast         Ice/Summ       12%          43%         4


Dungeon Overview and Level Annotations

Branches:
Dungeon (3/15)

Altars:

Annotations:
D:3 Natasha


Innate Abilities, Weirdness & Mutations

You have a beak for a mouth.
You have claws for feet.
You can fly continuously.


Message History

Casting: Call Canine Familiar (dangerous; 4% risk of failure)
Confirm with . or Enter, or press ? or * to list all spells.
Natasha zaps a wand.
The puff of flame hits you!
Casting: Summon Small Mammal (safe; 1% risk of failure)
Confirm with . or Enter, or press ? or * to list all spells.
You swap places.
Natasha zaps a wand.
The puff of flame misses your quokka. The puff of flame hits you!
Your quokka bites Natasha but does no damage.
Your magical contamination has completely faded away.
Your quokka bites Natasha.
Natasha claws your quokka.
Your quokka dies!
Your quokka's corpse disappears in a puff of smoke!
Natasha casts a spell.
Natasha wildly gestures.
Natasha glows brightly for a moment.
Natasha zaps a wand.
The puff of flame hits you!
* * * LOW HITPOINT WARNING * * *
Your quokka misses Natasha.
Natasha zaps a wand.
The puff of flame hits you!
You die...

##############
#.....@......#
#h##########.#
#####..######
..##......!#
#.##.8.8.#.#
########.##h.⌠..#
!.....).g§r....##
########.##..###
### #.##.## ##.##


You could see Natasha.

Vanquished Creatures
  An orc priest (D:2)
  2 adders (D:2)
  A leopard gecko (D:3)
  2 orcs (D:3)
  3 bats
  3 giant cockroaches
  A goblin (D:1)
  4 hobgoblins
  A jackal (D:2)
  A quokka (D:2)
  3 rats
22 creatures vanquished.

Vanquished Creatures (collateral kills)
  2 ogres (D:3)
  Natasha (D:3)
  2 adders (D:3)
  A leopard gecko (D:2)
  6 orcs
  A giant cockroach (D:1)
  5 goblins
  8 hobgoblins
  4 jackals
  3 kobolds
  A ball python (D:1)
  2 bats
  A frilled lizard (D:1)
  4 rats
41 creatures vanquished.

Grand Total: 63 creatures vanquished

Notes
Turn   | Place    | Note
-------+----------+-------------------------------------------
     0 | D:1      | BOMJPIETVODKU the Tengu Summoner began the quest for the
                  | Orb.
     0 | D:1      | Reached XP level 1. HP: 10/10 MP: 4/4
   171 | D:1      | Reached skill level 5 in Summonings
   336 | D:1      | Reached XP level 2. HP: 15/15 MP: 1/6
  1478 | D:2      | Reached XP level 3. HP: 18/20 MP: 1/7
  1540 | D:2      | Learned a level 3 spell: Call Canine Familiar
  3315 | D:2      | HP: 1/20 [orc/+0 club (1)]
  3321 | D:2      | Reached skill level 1 in Fighting
  3321 | D:2      | Reached XP level 4. HP: 12/25 MP: 4/9
  3489 | D:3      | Noticed an ogre
  3500 | D:3      | Killed an ogre
  3501 | D:3      | Reached skill level 1 in Unarmed Combat
  3501 | D:3      | Reached skill level 6 in Summonings
  3501 | D:3      | Gained mutation: You can fly continuously. [Tengu growth]
  3501 | D:3      | Reached XP level 5. HP: 29/29 MP: 4/10
  3932 | D:3      | Noticed Natasha
  3940 | D:3      | Killed Natasha
  4157 | D:3      | Noticed an ogre
  4166 | D:3      | Noticed Natasha
  4168 | D:3      | Killed an ogre
  4200 | D:3      | Killed from afar by Natasha

Illustrated notes

Levels and vault maps discovered:
D:1:      tarquinn_simple_flora_water_e, layout_basic, serial_forest,
          infiniplex_forest_clump_C, infiniplex_forest_straight_2,
          infiniplex_forest_end_1, infiniplex_forest_lined_room_2,
          infiniplex_forest_lined_corner, infiniplex_forest_lined_corner,
          infiniplex_forest_end_1, item_on_display_a
D:2:      layout_basic
D:3:      layout_loops_ring, kennysheep_pointless_box, glass_columns_a,
          hangedman_feature_mirror, chequers_serial_rivers_room_b, uniq_natasha

Skill      XL: |  1  2  3  4 |
---------------+-------------+-----
Summonings     | 5 6 |  6.3
Fighting       | 1 |  1.4
Unarmed Combat | 1 |  1.3
Spellcasting   | 3 |  3.5
Dodging        | |  2.4
Stealth        | |  2.0
Air Magic      | |  0.6

Action                   |  1- 3 |  4- 6 || total
-------------------------+-------+-------++-------
Melee: Unarmed           |    26 |       ||    26
       Kick              |     8 |     2 ||    10
       Peck              |     8 |     4 ||    12
       Short sword       |    23 |    23 ||    46
 Cast: Summon Small Mamm |    70 |    37 ||   107
       Call Canine Famil |    12 |    10 ||    22
  Use: Potion            |     4 |       ||     4
 Stab: Sleeping          |     1 |       ||     1
       Distracted        |       |     2 ||     2
Armor: Robe              |    18 |     3 ||    21
Dodge: Dodged            |    70 |    35 ||   105
